 Dungeon Crawl Stone Soup version 0.24-a0-203-gf0bc1e9 (webtiles) character file.

Game seed: 17690472839734736593

562 Hylith the Shield-Bearer (level 7, 53/55 HPs)
             Began as a Formicid Fighter on Mar 26, 2019.
             Quit the game in the Ecumenical Temple.
             The game lasted 00:09:27 (3855 turns).

Hylith the Shield-Bearer (Formicid Fighter)         Turns: 3855, Time: 00:09:29

Health: 53/55      AC:  9    Str: 23    XL:     7   Next: 57%
Magic:  16/16      EV:  7    Int:  7    God:
Gold:   150        SH: 10    Dex: 10    Spells: 6/6 levels left

rFire    . . .     SeeInvis +   a - +0 war axe
rCold    . . .     Gourm    .   c - +0 shield
rNeg     . . .     Faith    .   t - +0 chain mail
rPois    .         Spirit   .   (helmet unavailable)
rElec    .         Reflect  .   (no cloak)
rCorr    .         Harm     .   (no gloves)
MR       .....                  (no boots)
Stlth    ..........             (no amulet)
HPRegen  0.18/turn              p - +2 ring of slaying
MPRegen  0.15/turn              r - ring of magical power

@: no status effects
A: permanent stasis, dig shafts and tunnels, four strong arms, antennae 3
a: Dig, Shaft Self


You were in the Ecumenical Temple.
You were not hungry.

You visited 2 branches of the dungeon, and saw 5 of its levels.

You collected 150 gold pieces.

Inventory:

Hand Weapons
 a - a +0 war axe (weapon)
 s - a +4 scythe
Missiles
 k - 8 tomahawks (quivered)
Armour
 c - a +0 shield (worn)
 t - a +0 chain mail (worn)
Jewellery
 b - a cursed ring of teleportation {unknown}
 p - a +2 ring of slaying (left hand)
 r - a ring of magical power (right hand)
 u - an uncursed ring of ice
Scrolls
 e - 7 scrolls of identify {unknown}
 h - 3 scrolls of teleportation {unknown}
 i - 4 scrolls of amnesia {unknown}
 j - a scroll of remove curse {unknown}
 l - a scroll of random uselessness {unknown}
 n - 2 scrolls of fog {unknown}
Potions
 d - 3 potions of might
 g - a potion of degeneration {unknown}
 m - 2 potions of haste {unknown}
 o - a potion of heal wounds {unknown}
 q - a potion of mutation {unknown}
 v - a potion of cancellation {unknown}
Comestibles
 f - 6 rations
 w - 3 chunks of flesh


   Skills:
 * Level 4.4 Fighting
 + Level 4.4 Axes
 + Level 4.5 Armour
 * Level 2.3 Dodging
 * Level 3.2 Stealth
 + Level 5.1 Shields


You had 6 spell levels left.
You didn't know any spells.
Your spell library contained the following spells:

 Spells                   Type           Power        Failure   Level  Hunger
 Corpse Rot               Necr           N/A          100%        2    ###....
 Sublimation of Blood     Necr           #.........   100%        2    ###....
 Agony                    Necr           #.......     100%        5    ######.
 Bolt of Draining         Conj/Necr      #.........   100%        5    ######.
 Dispel Undead            Necr           #.......     100%        5    ######.
 Excruciating Wounds      Chrm/Necr      #.........   100%        5    ######.


Dungeon Overview and Level Annotations

Branches:
Dungeon (4/15)             Temple (1/1) D:4

Altars:
Ashenzari
Cheibriados
Dithmenos
Elyvilon
Fedhas
Gozag
Hepliaklqana
Kikubaaqudgha
Makhleb
Ru
Sif Muna
Trog
Uskayaw
Vehumet
Xom
Yredelemnul
Zin
The Shining One


Innate Abilities, Weirdness & Mutations

You cannot be hasted, slowed, berserked, paralysed or teleported.
You can dig through walls and to a lower floor.
Your four strong arms can wield two-handed weapons with a shield.
You have a pair of large antennae on your head. (SInv)


Message History

Eating one of 4 chunks of flesh.
You eat one of the 4 chunks of flesh.
This raw flesh tastes terrible.
Found a snail-covered altar of Cheibriados.
Found a hide-covered altar of Uskayaw.
Found a basalt altar of Yredelemnul.
Found a shadowy altar of Dithmenos.
Found a burning altar of Makhleb.
Found a glowing silver altar of Zin.
Found a shattered altar of Ashenzari.
Found a sacrificial altar of Ru.
Found a radiant altar of Vehumet.
Found a hazy altar of Hepliaklqana.
Found a glowing golden altar of the Shining One.
Found a deep blue altar of Sif Muna.
There is an empty arch of ancient stone here.
There is a hide-covered altar of Uskayaw here.
There is a fountain of clear blue water here.
There is an ancient bone altar of Kikubaaqudgha here.
Done exploring.
Are you sure you want to abandon this character and quit the game? (Confirm with "yes".)

.#.....#...#.._..#.#
#..._...#...#...#..#
..#......#...#.#..##
.....#....#...#..##
..##.##....#....##
_...⌠..._...#.8##
..##.##....#....##
...#......#...#..##
......#..#...#.#@.##
#..._...#...#...#..##
.#.....#...#.._..#..#
..#...#.........#..##
...#.#...#.##..#..##
#...#...#..##.#..##
.#.....#........##
..#.8.#.._..#..##
.#..#..#...#..##


There were no monsters in sight!

Vanquished Creatures
  Sigmund (D:4)
  A bullfrog (D:4)
  A killer bee (D:4)
  An orc priest (D:4)
  An iguana (D:4)
  2 worker ants (D:4)
  An orc wizard (D:3)
  3 gnolls (D:3)
  A howler monkey skeleton (D:3)
  3 adders
  An ooze (D:2)
  An adder skeleton (D:4)
  3 worms
  A dart slug (D:1)
  3 leopard geckos (D:3)
  8 orcs
  2 giant cockroaches
  8 hobgoblins
  5 jackals (D:4)
  2 quokkas
  A ball python (D:3)
  13 bats
  5 frilled lizards (D:1)
  4 goblins
  6 kobolds
  2 leopard gecko skeletons (D:4)
  A quokka skeleton (D:4)
  5 rats
86 creatures vanquished.

Notes
Turn   | Place    | Note
-------+----------+-------------------------------------------
     0 | D:1      | Hylith the Formicid Fighter began the quest for the Orb.
     0 | D:1      | Reached XP level 1. HP: 18/18 MP: 1/1
     1 | D:1      | Noticed an electric eel
   239 | D:1      | Reached XP level 2. HP: 24/24 MP: 2/2
   757 | D:1      | Reached XP level 3. HP: 23/29 MP: 3/3
  1010 | D:2      | Reached skill level 1 in Stealth
  1181 | D:2      | Reached skill level 4 in Shields
  1226 | D:2      | Reached XP level 4. HP: 34/36 MP: 4/4
  1677 | D:3      | Reached skill level 1 in Dodging
  1805 | D:3      | Reached XP level 5. HP: 10/42 MP: 5/5
  2079 | D:3      | Found an opulent altar of Gozag.
  2079 | D:3      | Found a shimmering altar of Xom.
  2677 | D:4      | Noticed Sigmund
  2689 | D:4      | Killed Sigmund
  2689 | D:4      | Reached XP level 6. HP: 9/48 MP: 6/6
  3144 | D:4      | Reached XP level 7. HP: 33/54 MP: 7/7
  3176 | D:4      | Reached skill level 5 in Shields
  3688 | D:4      | Found a staircase to the Ecumenical Temple.
  3705 | Temple   | Entered the Ecumenical Temple
  3855 | Temple   | Quit the game

Levels and vault maps discovered:
D:1:      arrival_aquarium_a, layout_basic, minmay_bisected
D:2:      layout_basic, minivault_11, hangedman_decor_points
D:3:      layout_basic, gammafunk_temple_overflow_statue,
          guppyfry_early_lair_pool
D:4:      cheibrodos_barr_body, layout_layer_cave,
          minmay_temple_entry_proselytizer, first_ration,
          minmay_tree_intersection, st_stairs_13, uniq_sigmund
Temple:   eino_temple_rhombus

Skill      XL: |  1  2  3  4  5  6  7 |
---------------+----------------------+-----
Stealth        | 1 2 3 |  3.2
Shields        | 4 5 |  5.1
Dodging        | 1 2 |  2.3
Axes           | 3 4 |  4.4
Armour         | 4 |  4.5
Fighting       | 4 |  4.4

Action                   |  1- 3 |  4- 6 |  7- 9 || total
-------------------------+-------+-------+-------++-------
Melee: War axe           |   130 |   147 |    51 ||   328
  Eat: Chunk             |     1 |     7 |     2 ||    10
Armor: Scale mail        |    61 |    49 |     9 ||   119
       Chain mail        |       |       |     2 ||     2
Dodge: Dodged            |    46 |    58 |    17 ||   121
Block: Shield            |    75 |   104 |    23 ||   202

Table legend:
 A = Non-vault XP
 B = Vault XP
 C = Vault XP percentage of total XP
 D = Non-vault monster count
 E = Vault monster count
 F = Vault count percentage of total count
                 A         B        C        D         E       F
            +---------+---------+-------+---------+---------+-------
      Total |     285 |     518 |  64.5 |      74 |      12 |  14.0
            +---------+---------+-------+---------+---------+-------
        D:1 |      28 |       1 |   3.4 |      20 |       1 |   4.8
        D:2 |      43 |       0 |   0.0 |      14 |       0 |   0.0
        D:3 |     133 |       0 |   0.0 |      25 |       0 |   0.0
        D:4 |      81 |     517 |  86.5 |      15 |      11 |  42.3
            +---------+---------+-------+---------+---------+-------
